 Dungeon Crawl Stone Soup version 0.29-a0-289-g2178c42546 (webtiles) character file.

Game seed: 9747707472945892398

45779 Dabor the Basher (level 14, -16/141 HPs)
             Began as a Troll Fighter on Mar 17, 2022.
             Was a High Priest of Okawaru.
             Demolished by an orc warlord
             ... wielding a +2 battleaxe
              (25 damage)
             ... on level 2 of the Orcish Mines.
             The game lasted 00:50:11 (13567 turns).

Dabor the Basher (Troll Fighter)                   Turns: 13567, Time: 00:50:12

Health: -16/141    AC: 19    Str: 35    XL:     14   Next: 2%
Magic:  12/19      EV: 20    Int:  4    God:    Okawaru [*****.]
Gold:   1093       SH:  0    Dex: 21    Spells: 11/13 levels left

rFire   . . .      SeeInvis +   b - +5 giant spiked club "Lifebane" {vamp, rCorr Str-3 SInv}
rCold   . . .      Faith    .   (shield currently unavailable)
rNeg    + + .      Spirit   .   D - +7 troll leather armour "Fobloq" {Will++ Regen+ Str-2 Dex+6}
rPois   .          Reflect  .   F - +2 hat
rElec   .          Harm     .   C - +1 cloak "Tymoest" {-Tele rN++ Regen+ Str+9}
rCorr   +          Rampage  .   (gloves unavailable)
Will    +++..      NoTele   +   (boots unavailable)
Stlth   +++.......              u - amulet of regeneration
HPRegen 3.53/turn               A - +6 ring of dexterity
MPRegen 0.16/turn               R - ring of flight

@: heroic, finesse-ful, flying, hasted, very quick
A: large, unfitting armour, claws 3, regeneration 1, shaggy fur 1, tough skin 1
a: Renounce Religion, Heroism, Finesse, Duel


You were on level 2 of the Orcish Mines.
You worshipped Okawaru.
Okawaru was extremely pleased with you.
You visited 2 branches of the dungeon, and saw 16 of its levels.
You also visited: Bailey.

You collected 1408 gold pieces.
You spent 315 gold pieces at shops.

Inventory:

Hand Weapons
 b - the +5 giant spiked club "Lifebane" (weapon) {vamp, rCorr Str-3 SInv}
   (Okawaru gifted it to you on level 10 of the Dungeon)

   It occasionally heals its wielder for a portion of the damage dealt when it
   wounds a living foe.
   Str:       It affects your strength (-3).
   SInv:      It lets you see invisible.
   rCorr:     It protects you from acid and corrosion.
 r - the +5 giant club of Sharkskin {vorpal, MP+9 Str+5 Int-2}
   (Okawaru gifted it to you on level 2 of the Orcish Mines)

   It inflicts extra damage upon your enemies.
   Str:       It affects your strength (+5).
   Int:       It affects your intelligence (-2).
   MP:        It affects your magic capacity (+9).
Missiles
 J - 16 poisoned darts (quivered)
 O - 6 javelins
Armour
 c - a +1 kite shield
 C - the +1 cloak "Tymoest" (worn) {-Tele rN++ Regen+ Str+9}
   (Okawaru gifted it to you on level 14 of the Dungeon)

   Str:       It affects your strength (+9).
   rN:        It greatly protects you from negative energy.
   -Tele:     It prevents most forms of teleportation.
   Regen:     It increases your rate of health regeneration.
 D - the +7 troll leather armour "Fobloq" (worn) {Will++ Regen+ Str-2 Dex+6}
   (Okawaru gifted it to you on level 5 of the Dungeon)

   Str:       It affects your strength (-2).
   Dex:       It affects your dexterity (+6).
   Regen:     It increases your rate of health regeneration.
   Will:      It greatly increases your willpower.
 F - a +2 hat (worn)
 Q - the +0 hat of the Blind Marksman {*Corrode rElec Will+}
   (Okawaru gifted it to you on level 12 of the Dungeon)

   rElec:     It insulates you from electricity.
   *Corrode:  It may corrode you when you take damage.
   Will:      It increases your willpower.
Jewellery
 d - an amulet of reflection
 k - a ring of resist corrosion
 u - an amulet of regeneration (around neck)
 A - a +6 ring of dexterity (left claw)
 R - a ring of flight (right claw)
 S - the amulet "Anyenli" {Faith rPois}
   (You found it on level 2 of the Orcish Mines)

   [amulet of faith]

   It allows you to gain divine favour quickly.
   rPois:     It protects you from poison.
Wands
 s - a wand of iceblast (6)
 t - a wand of flame (13)
 L - a wand of digging (8)
 P - a wand of polymorph (7)
Scrolls
 a - 2 scrolls of amnesia
 h - 5 scrolls of fog
 i - 4 scrolls of teleportation
 j - a scroll of immolation
 l - 2 scrolls of blinking
 y - a scroll of enchant weapon
 B - a scroll of silence
 G - a scroll of brand weapon
 I - 2 scrolls of magic mapping
 M - 3 scrolls of identify
Potions
 e - 2 potions of magic
 f - 8 potions of flight
 m - a potion of lignification
 n - 2 potions of cancellation
 o - a potion of invisibility
 p - 2 potions of curing
 x - 2 potions of brilliance
 E - a potion of attraction {unknown}
Miscellaneous
 z - a lightning rod (4/4)


   Skills:
 + Level 9.9(14.9) Fighting
 * Level 12.0(17.0) Maces & Flails
 - Level 4.0(9.0) Throwing
 + Level 4.2(9.2) Armour
 + Level 9.9(14.9) Dodging
 - Level 3.6(8.6) Shields
 + Level 8.3 Invocations
 - Level 6.0 Evocations


You had 11 spell levels left.
You knew the following spells:

 Your Spells              Type           Power      Damage    Failure   Level
a - Passwall              Tmut/Erth      0%         N/A       67%         2

Your spell library contained the following spells:

 Spells                   Type           Power      Damage    Failure   Level
 Apportation              Tloc           0%         N/A       52%         1
 Beastly Appendage        Tmut           0%         N/A       52%         1
 Sandblast                Erth           0%         2d4       52%         1
 Wereblood                Tmut           0%         N/A       67%         2
 Conjure Flame            Conj/Fire      0%         6-21      88%         3
 Ignite Poison            Fire/Tmut/Pois 0%         N/A       88%         3
 Mephitic Cloud           Conj/Pois/Air  0%         N/A       88%         3
 Spider Form              Tmut/Pois      0%         N/A       88%         3
 Stone Arrow              Conj/Erth      0%         3d7       88%         3
 Airstrike                Air            0%         N/A       99%         4
 Cause Fear               Hex            0%         N/A       99%         4
 Sticky Flame             Conj/Fire      0%         2d3       99%         4
 Freezing Cloud           Conj/Ice/Air   0%         6-21      100%        5
 Lightning Bolt           Conj/Air       0%         1d11      100%        5
 Conjure Ball Lightning   Conj/Air       0%         3x3d6     100%        6
 Dragon Form              Tmut           0%         N/A       100%        7
 Discord                  Hex            0%         N/A       100%        8
 Disjunction              Tloc           0%         N/A       100%        8
 Animate Skeleton         Necr           Unusable   N/A       N/A         1
 Summon Small Mammal      Summ           Unusable   N/A       N/A         1
 Summon Lightning Spire   Summ/Air       Unusable   N/A       N/A         4
 Dragon's Call            Summ           Unusable   N/A       N/A         9

Dungeon Overview and Level Annotations

Branches:
Dungeon (14/15)            Temple (0/1) D:5            Lair (0/6) D:8
    Orc (2/2) D:10            Elf (0/3) Orc:2        Vaults (0/5) D:14
 Bailey (visited)

Altars:
Hepliaklqana
Okawaru
Beogh

Shops:
D:3 =   D:7 ?   Orc:2 *(


Innate Abilities, Weirdness & Mutations

You are too large for most types of armour.
You have claws for hands.
Your natural rate of healing is unusually fast.
You are covered in fur. (AC +1)
You have tough skin. (AC +1)


Message History

You barely miss the orc knight. The orc knight misses you.
You bludgeon the orc warlord!!
The orc warlord is heavily wounded.
The orc warlord unwields a +0 arbalest.
The orc warlord wields a +2 battleaxe.
The orc warlord hits you with a +2 battleaxe!!!
You hit the orc warlord.
You feel better.
The orc warlord is heavily wounded.
The orc warlord hits you with a +2 battleaxe.
You sock the orc warlord!
You feel better.
The orc warlord is heavily wounded.
The orc knight hits you with a +0 great sword!
The orc warlord hits you with a +2 battleaxe!!
You barely miss the orc warlord.
The orc warlord is heavily wounded.
The orc knight hits you with a +0 great sword.
The orc warlord hits you with a +2 battleaxe!!
The orc warlord attacks as you move away!
The orc warlord hits you with a +2 battleaxe!!!
* * * LOW HITPOINT WARNING * * *
You feel much better.
The orc knight no longer looks unusually strong.
The orc knight hits you with a +0 great sword.
* * * LOW HITPOINT WARNING * * *
The orc warlord roars a battlecry!
The orc knight goes into a battle-frenzy!
Okay, then.
Okay, then.
You gain the combat prowess of a mighty hero.
The orc knight hits you with a +0 great sword!!
* * * LOW HITPOINT WARNING * * *
You feel better. The orc knight closely misses you.
Okay, then.
You feel yourself speed up.
The orc knight hits you with a +0 great sword!!
* * * LOW HITPOINT WARNING * * *
You hit the orc knight but do no damage.
The orc knight misses you.
You can now deal lightning-fast blows.
The orc warlord hits you with a +2 battleaxe!!
You die...

...##.................♣
### #######............
#.....#.........P♣.
#.....#)........###
#..⌠.)).........##≈
#####.....#)......#####
#...#.....#..###...# #
#.).###'############
+)_.'.@o......+
#.[.#o##'###+##
#...#.#.o.# ##+##.#..(#
..#∩..# #######


You could see an orc warlord (strong, poisoned) and an orc knight (strong).

Vanquished Creatures
  Kirke (D:12)
  An orc warlord (Arena)
  4 hydras
  4 vault guards (D:14)
  4 slime creatures
  A centaur warrior (D:14)
  3 two-headed ogres
  4 orc high priests
  Urug (D:11)
  5 skeletal warriors (D:13)
  3 orc sorcerers
  3 orc knights
  Pikel (D:5)
  13 ugly things
  3 deep elf pyromancers
  2 manticores
  3 cyclopes
  A gargoyle (Bailey)
  2 kobold demonologists (D:10)
  2 komodo dragons (D:12)
  5 trolls
  A wolf spider simulacrum (D:14)
  A polar bear (shapeshifter) (D:13)
  Prince Ribbit (D:7)
  A shadow (D:5)
  2 wyverns
  3 wraiths
  A vampire (Bailey)
  4 hogs (D:12)
  3 humans
  4 yaks (D:9)
  2 vampire mosquitoes (D:11)
  A steam dragon (D:7)
  3 basilisks
  Edmund (D:6)
  3 wargs
  2 acid dragons
  7 water moccasins
  3 ice beasts
  41 orc warriors
  2 sky beasts (D:7)
  A black bear (D:5)
  6 boggarts
  12 ogres
  5 wolves (D:8)
  10 centaurs
  3 kobold brigands
  A lemure (D:5)
  2 bullfrogs
  3 necrophages
  7 scorpions
  7 wights
  7 killer bees
  7 wolf zombies (Bailey)
  8 howler monkeys
  7 vampire bats (Bailey)
  The ghost of Tagedieb the Sneak, a weakling SpEn (D:4)
  A hound (D:6)
  3 jellies
  A gnoll shaman (D:9)
  25 orc priests
  25 orc wizards
  Terence (D:2)
  Natasha (twice) (D:2)
  2 iguanas
  3 gnolls (D:9)
  2 adders
  A shadow imp (D:6)
  2 white imps
  2 ufetubi
  4 worms
  A dart slug (D:2)
  153 orcs
  7 bats
  9 endoplasms
  3 giant cockroaches
  14 goblins
  9 hobgoblins
  7 jackals
  9 quokkas
  4 ball pythons
  5 frilled lizards
  25 kobolds
  21 orc zombies (Bailey)
  7 rats
587 creatures vanquished.

Vanquished Creatures (others)
  An orc (D:10)
  3 fungi (D:8)
  14 plants
18 creatures vanquished.

Grand Total: 605 creatures vanquished

Notes
Turn   | Place    | Note
-------+----------+-------------------------------------------
     0 | D:1      | Dabor the Troll Fighter began the quest for the Orb.
     0 | D:1      | Reached XP level 1. HP: 22/22 MP: 0/0
    22 | D:1      | Reached skill level 2 in Maces & Flails
    27 | D:1      | Reached XP level 2. HP: 27/29 MP: 1/1
   493 | D:2      | Reached XP level 3. HP: 36/36 MP: 2/2
   520 | D:2      | Noticed Natasha
   561 | D:2      | Killed Natasha
   612 | D:2      | Noticed Natasha
   688 | D:2      | Reached XP level 4. HP: 45/45 MP: 3/3
   774 | D:2      | Noticed Terence
   784 | D:2      | Killed Terence
   836 | D:2      | Killed Natasha
   837 | D:2      | Reached XP level 5. HP: 49/53 MP: 4/4
  1488 | D:3      | Reached skill level 3 in Maces & Flails
  1801 | D:3      | Found Cuirgh's Jewellery Boutique.
  2071 | D:3      | Found a faded altar of an unknown god.
  2282 | D:3      | Prayed at the altar of an unknown god.
  2282 | D:3      | Became a worshipper of Warmaster Okawaru
  2282 | D:3      | Reached * piety under Okawaru
  2399 | D:4      | Reached XP level 6. HP: 41/61 MP: 5/5
  2447 | D:4      | Found a large runed translucent door.
  2447 | D:4      | Found a large runed translucent door.
  2453 | D:4      | Noticed Tagedieb's ghost (weakling SpEn)
  2496 | D:4      | Reached skill level 1 in Invocations
  2533 | D:4      | Learned a level 2 spell: Passwall
  2594 | D:4      | Killed Tagedieb's ghost
  2853 | D:4      | Reached ** piety under Okawaru
  2862 | D:4      | Noticed an orc warrior
  2895 | D:4      | Killed an orc warrior
  2896 | D:4      | Reached XP level 7. HP: 7/68 MP: 4/7
  3266 | D:5      | Entered Level 5 of the Dungeon
  3388 | D:5      | Reached skill level 4 in Maces & Flails
  3620 | D:5      | Noticed Pikel
  3630 | D:5      | Killed Pikel
  3630 | D:5      | Reached *** piety under Okawaru
  3631 | D:5      | Reached skill level 1 in Throwing
  3631 | D:5      | Reached XP level 8. HP: 62/79 MP: 8/8
  3762 | D:5      | Found a staircase to the Ecumenical Temple.
  3857 | D:5      | Reached skill level 5 in Maces & Flails
  3857 | D:5      | Reached skill level 5 in Dodging
  3860 | D:5      | Reached skill level 5 in Fighting
  4035 | D:6      | Noticed Edmund
  4065 | D:6      | Killed Edmund
  4180 | D:6      | You fall into a shaft and drop 3 floors!
  4314 | D:8      | Reached XP level 9. HP: 10/88 MP: 7/10
  4329 | D:8      | Reached **** piety under Okawaru
  4399 | D:8      | Reached skill level 6 in Maces & Flails
  4431 | D:8      | Found a staircase to the Lair.
  4567 | D:8      | Identified the +1 chain mail of Fedhas's Esteem {+Blink
                  | Int+5 Dex+4}
  4773 | D:8      | Found a flagged portal.
  4784 | Bailey   | Entered a bailey
  4885 | Bailey   | Noticed a gargoyle
  4919 | Bailey   | Killed a gargoyle
  4919 | Bailey   | Reached ***** piety under Okawaru
  4920 | Bailey   | Reached XP level 10. HP: 100/100 MP: 10/12
  5062 | Bailey   | Reached skill level 7 in Maces & Flails
  5440 | D:5      | Identified the +7 troll leather armour "Fobloq" {Will++
                  | Regen+ Str-2 Dex+6} (Okawaru gifted it to you on level 5 of
                  | the Dungeon)
  5440 | D:5      | Received a gift from Okawaru
  5490 | D:5      | Reached skill level 1 in Evocations
  6309 | D:7      | Noticed Prince Ribbit
  6331 | D:7      | Killed Prince Ribbit
  6373 | D:7      | Noticed a four-headed hydra
  6393 | D:7      | Killed a four-headed hydra
  6472 | D:7      | Reached skill level 5 in Invocations
  6670 | D:7      | Reached XP level 11. HP: 109/109 MP: 13/13
  6694 | D:7      | Found Vinutz's Magic Scroll Boutique.
  6703 | D:7      | Bought a scroll of blinking for 105 gold pieces
  6703 | D:7      | Bought a scroll of identify for 28 gold pieces
  6703 | D:7      | Bought a scroll of identify for 28 gold pieces
  6703 | D:7      | Bought a scroll of identify for 28 gold pieces
  6703 | D:7      | Bought a scroll of fear for 49 gold pieces
  6703 | D:7      | Bought a scroll of identify for 28 gold pieces
  6703 | D:7      | Bought a scroll of fear for 49 gold pieces
  7458 | D:9      | Found a hazy altar of Hepliaklqana.
  7506 | D:9      | Reached skill level 8 in Maces & Flails
  7703 | D:10     | Entered Level 10 of the Dungeon
  7958 | D:10     | Found a staircase to the Orcish Mines.
  8249 | D:10     | Identified the +5 giant spiked club "Lifebane" {vamp, rCorr
                  | Str-3 SInv} (Okawaru gifted it to you on level 10 of the
                  | Dungeon)
  8249 | D:10     | Received a gift from Okawaru
  8296 | D:10     | Noticed a two-headed ogre
  8305 | D:10     | Killed a two-headed ogre
  9000 | D:11     | Noticed Urug
  9012 | D:11     | Killed Urug
  9395 | D:12     | Noticed a two-headed ogre
  9402 | D:12     | Killed a two-headed ogre
  9403 | D:12     | Reached skill level 9 in Maces & Flails
  9458 | D:12     | Noticed Kirke
  9466 | D:12     | Killed Kirke
  9466 | D:12     | Identified the +0 hat of the Blind Marksman {*Corrode rElec
                  | Will+} (Okawaru gifted it to you on level 12 of the
                  | Dungeon)
  9466 | D:12     | Received a gift from Okawaru
  9467 | D:12     | Reached XP level 12. HP: 115/122 MP: 15/15
  9663 | D:12     | Identified the +7 chain mail of the Sun {Rampage rElec
                  | Slay-3}
 10248 | D:13     | Noticed an eight-headed hydra
 10257 | D:13     | Killed an eight-headed hydra
 10258 | D:13     | Reached skill level 10 in Maces & Flails
 10962 | D:14     | Noticed a five-headed hydra
 10971 | D:13     | Killed a five-headed hydra
 10978 | D:14     | Noticed a centaur warrior
 10982 | D:14     | Noticed a centaur warrior
 11048 | D:14     | Noticed a centaur warrior
 11122 | D:14     | Reached skill level 1 in Armour
 11137 | D:14     | Reached skill level 5 in Evocations
 11187 | D:14     | Noticed an eight-headed hydra
 11194 | D:14     | Noticed a vault guard
 11195 | D:14     | Killed an eight-headed hydra
 11196 | D:14     | Noticed a vault guard
 11197 | D:14     | Noticed a centaur warrior
 11210 | D:14     | Reached ****** piety under Okawaru
 11219 | D:14     | Noticed a centaur warrior
 11220 | D:14     | Killed a vault guard
 11224 | D:14     | Identified the +1 cloak "Tymoest" {-Tele rN++ Regen+ Str+9}
                  | (Okawaru gifted it to you on level 14 of the Dungeon)
 11224 | D:14     | Received a gift from Okawaru
 11225 | D:14     | Killed a vault guard
 11226 | D:14     | Reached XP level 13. HP: 80/131 MP: 17/17
 11409 | D:14     | Reached skill level 11 in Maces & Flails
 11452 | D:14     | Found a gate to the Vaults.
 11880 | Orc:1    | Entered Level 1 of the Orcish Mines
 11935 | Orc:1    | You are sucked into a shaft and drop 1 floor!
 11935 | Orc:2    | Entered Level 2 of the Orcish Mines
 12019 | Orc:2    | Identified the +5 giant club of Sharkskin {vorpal, MP+9
                  | Str+5 Int-2} (Okawaru gifted it to you on level 2 of the
                  | Orcish Mines)
 12019 | Orc:2    | Received a gift from Okawaru
 12660 | Orc:2    | Noticed an orc warlord
 12683 | Arena    | Entered the Arena
 12693 | Arena    | Killed an orc warlord
 12805 | Orc:2    | Found Anebekor's Antique Weapon Boutique.
 13175 | Orc:2    | Found a staircase to the Elven Halls.
 13243 | Orc:2    | Reached skill level 12 in Maces & Flails
 13254 | Orc:2    | Identified the amulet "Anyenli" {Faith rPois}
 13410 | Orc:2    | Reached XP level 14. HP: 141/141 MP: 19/19
 13549 | Orc:2    | Found Guthogua's General Store.
 13549 | Orc:2    | Noticed an orc warlord
 13564 | Orc:2    | HP: 2/141 [orc knight/+0 great sword (23)]
 13567 | Orc:2    | Demolished by an orc warlord

Illustrated notes

Levels and vault maps discovered:
D:1:      heliophobic_arrival_enchanted_forest, layout_rooms
D:2:      layout_basic, minmay_octomino_j4, uniq_terence, uniq_natasha
D:3:      layout_rooms, nicolae_ecumenical_lake_church, serial_shops,
          shop_fountains, grunt_decor_one_mirror, minmay_misc_feat_nine_boxes,
          amcnicky_mini_pool_small, glass_columns_c, minmay_fractal_squares_5
D:4:      layout_loops_ring, ebering_ghost_disaster_area
D:5:      layout_loops_ring, minmay_temple_entry_wispy, minmay_misc_feat_tiny,
          minmay_misc_feat_diagonals, uniq_pikel
D:6:      layout_loops_ring, serial_bayou_pond_b, chequers_garden, uniq_edmund
D:7:      hellmonk_warped_wall, layout_loops_ring, serial_shops,
          nicolae_lakefront_shop, hangedman_abyss_or_decor_stabs,
          uniq_prince_ribbit1
D:8:      layout_basic, minmay_lair_entry_grove, special_room
          [special_room_orc], enter_bailey_4
D:9:      layout_roguey, worldfamousw_hep_ancestral_shrine
D:10:     layout_roguey [special_room_orc], erik_orc_4, serial_corexii_hall,
          corexii_hall_statues_deadend, corexii_hall_statues_s
D:11:     layout_stronghold, uniq_urug
D:12:     layout_grid_maze, uniq_kirke
D:13:     layout_cave_pods, minivault_22, minmay_misc_feat_rugged,
          minmay_rotating_lava
D:14:     layout_rooms, lightli_vaults_fourway_checkpoint, serial_bayou_pond_e,
          grunt_qazlal_sundering
Orc:1:    layout_caves
Orc:2:    pubby_orc_utopia, serial_shops

Skill      XL: |  1  2  3  4  5  6  7  8  9 10 11 12 13 |
---------------+----------------------------------------+-----
Maces & Flails | 2 3 4 5 6 7 9 10 12 | 12.0
Dodging        | 3 4 5 6 7 8 9 |  9.9
Fighting       | 3 4 5 6 7 8 9 |  9.9
Shields        | 3 |  3.6
Invocations    | 1 2 3 4 5 6 7 8 |  8.3
Throwing       | 1 2 3 4 |  4.0
Evocations     | 2 4 5 6 |  6.0
Armour         | 2 4 |  4.2

Action                   |  1- 3 |  4- 6 |  7- 9 | 10-12 | 13-15 || total
-------------------------+-------+-------+-------+-------+-------++-------
Melee: Flail             |   126 |   206 |     1 |       |       ||   333
       Dire flail        |       |       |   297 |   582 |       ||   879
       Giant spiked club |       |       |       |   195 |   397 ||   592
       Unarmed           |       |       |       |     1 |       ||     1
Throw: Stone             |       |     4 |    46 |       |       ||    50
       Dart              |       |       |       |     5 |    21 ||    26
       Large rock        |       |       |       |     6 |    14 ||    20
       Javelin           |       |       |       |    25 |    23 ||    48
Invok: Heroism           |       |     1 |     5 |     5 |     3 ||    14
       Finesse           |       |       |       |       |     4 ||     4
       Duel              |       |       |       |       |     1 ||     1
Evoke: Wand              |       |       |    17 |    26 |     1 ||    44
       Lightning rod     |       |       |       |     9 |     2 ||    11
  Use: Scroll            |     4 |     1 |     7 |    12 |     2 ||    26
       Potion            |     2 |     4 |     2 |     1 |    11 ||    20
 Stab: Sleeping          |       |     1 |       |       |     2 ||     3
Armor: Robe              |    82 |    35 |   159 |    74 |       ||   350
       Troll leather arm |       |       |       |   416 |   161 ||   577
       Ice dragon scales |       |       |       |    35 |       ||    35
Dodge: Dodged            |    86 |    74 |   182 |   608 |   268 ||  1218
Block: Kite shield       |    77 |   125 |       |       |       ||   202
       Reflection        |       |     4 |     5 |       |     2 ||    11
       Other             |       |       |    19 |       |    85 ||   104

Table legend: (Time is in decaauts)
 A = Elapsed time spent in this place.
 B = Non-inter-level travel time spent in this place.
 C = Inter-level travel time spent in this place.
 D = Time resting spent in this place.
 E = Time spent auto-exploring this place.
 F = Levels seen in this place.
 G = Mean time per level.
                   A        B        C        D        E       F      G
               +--------+--------+--------+--------+--------+-----+--------+
         Total |  13822 |  13086 |    736 |    244 |   7939 |  18 |  767.9 |
       Dungeon |  11672 |  10975 |    697 |    187 |   6977 |  14 |  833.7 |
  Orcish Mines |   1675 |   1636 |     39 |     36 |    788 |   2 |  837.5 |
        Bailey |    451 |    451 |      0 |     21 |    174 |   1 |  451.0 |
         Arena |     23 |     23 |      0 |      0 |      0 |   1 |   23.0 |
               +--------+--------+--------+--------+--------+-----+--------+

Top non-repeatable levels by time:
   Orc:2: 1437 daAuts
    D:13: 1125 daAuts
     D:2: 1022 daAuts
     D:4: 974 daAuts
     D:7: 966 daAuts
     D:8: 923 daAuts
     D:3: 883 daAuts
    D:10: 876 daAuts
    D:11: 867 daAuts
     D:5: 837 daAuts
    D:12: 758 daAuts
     D:6: 742 daAuts
    D:14: 664 daAuts
     D:1: 526 daAuts
     D:9: 501 daAuts
